 Dungeon Crawl Stone Soup version 0.28-a0-691-gad6df49e81 (webtiles) character file.

Game seed: 404423218648145592

919 Irenicus the Geomancer (level 7, -1/55 HPs)
             Began as a Deep Dwarf Earth Elementalist on Oct 21, 2021.
             Slain by a wraith (8 damage)
             ... on level 7 of the Dungeon.
             The game lasted 00:07:35 (1160 turns).

Irenicus the Geomancer (DDEE)                       Turns: 1160, Time: 00:07:37

Health: -1/55      AC:  2    Str: 12    XL:     7   Next: 83%
Magic:  9/9        EV: 12    Int: 17    God:
Gold:   76         SH:  0    Dex: 13    Spells: 3/9 levels left

rFire   . . .      SeeInvis .   f - +0 short sword
rCold   . . .      Faith    .   (no shield)
rNeg    . . .      Spirit   .   b - +0 robe
rPois   .          Reflect  .   (no helmet)
rElec   .          Harm     .   (no cloak)
rCorr   .          Rampage  .   (no gloves)
Will    +....                   (no boots)
Stlth   ++........              (no amulet)
HPRegen 0.00/turn               (no ring)
MPRegen 0.11/turn               (no ring)

@: attractive, slowed, very slow
A: damage resistance, heal wounds, sense surroundings 1, no regeneration
a: Heal Wounds


You were on level 7 of the Dungeon.
You visited 2 branches of the dungeon, and saw 8 of its levels.

You collected 76 gold pieces.


Innate Abilities, Weirdness & Mutations

You are resistant to damage.
You can heal yourself by infusing magical energy.
You passively map a small area around you.
You do not regenerate.


   Skills:
 - Level 2.1 Dodging
 - Level 2.4 Stealth
 - Level 1.7 Spellcasting
 - Level 0.8 Transmutations
 + Level 12.3 Earth Magic


You had 3 spell levels left.
You knew the following spells:

 Your Spells              Type           Power      Damage    Failure   Level
t - Stone Arrow           Conj/Erth      44%        3d9       4%          3
w - Passwall              Tmut/Erth      19%        N/A       1%          2
z - Sandblast             Erth           86%        2d18      1%          1

Your spell library contained the following spells:

 Spells                   Type           Power      Damage    Failure   Level
 Petrify                  Tmut/Erth      23%        N/A       13%         4

Inventory:

Hand Weapons
 f - a +0 short sword (weapon)
Missiles
 e - 3 stones
Armour
 b - a +0 robe (worn)
Scrolls
 d - a scroll of noise
 h - a scroll of amnesia {unknown}
Potions
 a - a potion of mutation
 c - a potion of curing {@q1}
 i - a potion of flight {unknown}

Dungeon Overview and Level Annotations

Branches:
Dungeon (7/15)             Temple (1/1) D:6

Altars:
Cheibriados
Fedhas
Gozag
Hepliaklqana
Kikubaaqudgha
Nemelex Xobeh
Uskayaw
Vehumet
Zin
The Shining One

Annotations:
D:6 Edmund

##* * * .. , ,
, ..##...#* *
#.#.....###
....... ..# *
......,#W# ,
.....,#@#
*#..##.#####z*
* * *
#...........#
##..#########
###..##
#.....#
#.....#
#.....#
#.....#


You could see a wraith.


Message History

You enter the shallow water.
Moving in this stuff is going to be slow.
g - a brown potion You now have 66 gold pieces (gained 10).
You enter the shallow water.
Moving in this stuff is going to be slow.
You enter the shallow water.
Moving in this stuff is going to be slow.
You enter the shallow water.
Moving in this stuff is going to be slow.
Found a scroll labelled KODDI MEUGRAGA.
h - a scroll labelled KODDI MEUGRAGA
Found an orange potion and 10 gold pieces.
i - an orange potion You now have 76 gold pieces (gained 10).
A wight comes into view. It is wielding a +0 morningstar.
Found a curved silver wand.
A wraith comes into view.
The wraith hits you!
* * * LOW HITPOINT WARNING * * *
The wraith drains your vigour!
You feel yourself slow down.
It was a potion of attraction.
You feel attractive to monsters. The wraith hits you.
* * * LOW HITPOINT WARNING * * *
The wraith drains your vigour!
You feel as though you will be slow longer.
The wraith hits you!
You die...

Skill      XL: |  1  2  3  4  5  6  7 |
---------------+----------------------+-----
Earth Magic    | 6 7 9 10 12 | 12.3
Dodging        | |  2.1
Stealth        | |  2.4
Spellcasting   | |  1.7
Transmutations | |  0.8

Action                   |  1- 3 |  4- 6 |  7- 9 || total
-------------------------+-------+-------+-------++-------
Melee: Unarmed           |    13 |       |       ||    13
       Short sword       |     8 |    26 |    10 ||    44
 Cast: Sandblast         |    23 |    22 |    22 ||    67
       Passwall          |       |     2 |     1 ||     3
  Use: Scroll            |       |     2 |       ||     2
       Potion            |       |     2 |     1 ||     3
 Stab: Sleeping          |     1 |     1 |       ||     2
Armor: Robe              |    10 |     5 |     3 ||    18
Dodge: Dodged            |    38 |    28 |    10 ||    76

Levels and vault maps discovered:
D:1:      shiori_arrival_maze, layout_loops_ring,
          dreamdust_ecumenical_altar_hidden_monk_grotto, serial_park_tiny_pond
D:2:      layout_loops_ring
D:3:      layout_loops_corners, grunt_dithmenos_smoke,
          grunt_temple_overflow_diamond, mainiacjoe_overflow_swirl
D:4:      layout_cave_pools, nicolae_overflow_crystal_walls
D:5:      layout_rooms, minmay_fountain_box
D:6:      layout_loops_corners, trog_butcher_becter, lemuel_doored_altar,
          minmay_temple_entry_enclosed_plants, uniq_edmund
D:7:      layout_loops_ring, serial_rivers, chequers_serial_rivers_marsh,
          chequers_serial_rivers_micro_b, chequers_serial_rivers_large_a,
          chequers_serial_rivers_micro_e, uniq_menkaure
Temple:   nicolae_temple_figure_zero

Notes
Turn   | Place    | Note
-------+----------+-------------------------------------------
     0 | D:1      | Irenicus the Deep Dwarf Earth Elementalist began the quest
                  | for the Orb.
     0 | D:1      | Reached XP level 1. HP: 15/15 MP: 3/3
   258 | D:4      | Reached XP level 2. HP: 22/22 MP: 4/4
   287 | D:4      | Noticed a howler monkey
   296 | D:4      | Killed a howler monkey
   297 | D:4      | Reached skill level 6 in Earth Magic
   297 | D:4      | Reached XP level 3. HP: 20/28 MP: 0/5
   340 | D:5      | Entered Level 5 of the Dungeon
   343 | D:5      | Reached XP level 4. HP: 26/36 MP: 0/6
   353 | D:5      | Reached skill level 7 in Earth Magic
   402 | D:5      | Reached XP level 5. HP: 27/42 MP: 2/7
   402 | D:5      | You fall into a shaft and drop 1 floor!
   504 | D:6      | Noticed a black bear
   512 | D:6      | Killed a black bear
   513 | D:6      | Reached skill level 8 in Earth Magic
   539 | D:6      | Learned a level 2 spell: Passwall
   551 | D:6      | Reached skill level 9 in Earth Magic
   551 | D:6      | Reached XP level 6. HP: 22/49 MP: 0/8
   583 | D:6      | Noticed Edmund
   637 | D:6      | Reached skill level 10 in Earth Magic
   644 | D:6      | Reached XP level 7. HP: 32/55 MP: 0/9
   735 | D:6      | Reached skill level 11 in Earth Magic
   743 | D:6      | Found a sparkling altar of Nemelex Xobeh.
   843 | D:6      | Found a staircase to the Ecumenical Temple.
   857 | D:6      | Learned a level 3 spell: Stone Arrow
   863 | Temple   | Entered the Ecumenical Temple
  1044 | D:7      | Reached skill level 12 in Earth Magic
  1158 | D:7      | Noticed a wraith
  1160 | D:7      | Slain by a wraith

Vanquished Creatures
  A black bear (D:6)
  A sky beast (D:6)
  A bullfrog (D:6)
  3 scorpions (D:6)
  6 howler monkeys
  A wight (D:7)
  A bullfrog zombie (D:6)
  A centaur zombie (D:6)
  2 hounds
  2 iguanas (D:6)
  An orc wizard (D:7)
  A hound skeleton (D:5)
  A white imp (D:5)
  2 orcs (D:7)
  A bat (D:3)
  An endoplasm (D:4)
  A goblin (D:4)
  A hobgoblin (D:4)
  3 jackals (D:2)
  A quokka (D:3)
  2 kobolds (D:4)
  A rat (D:2)
35 creatures vanquished.

Table legend: (Time is in decaauts)
 A = Elapsed time spent in this place.
 B = Non-inter-level travel time spent in this place.
 C = Inter-level travel time spent in this place.
 D = Time resting spent in this place.
 E = Time spent auto-exploring this place.
 F = Levels seen in this place.
 G = Mean time per level.
                   A        B        C        D        E       F      G
               +--------+--------+--------+--------+--------+-----+--------+
         Total |   1152 |   1143 |      9 |      0 |      0 |   8 |  144.0 |
       Dungeon |   1095 |   1094 |      1 |      0 |      0 |   7 |  156.4 |
        Temple |     57 |     49 |      8 |      0 |      0 |   1 |   57.0 |
               +--------+--------+--------+--------+--------+-----+--------+

Top non-repeatable levels by time:
     D:6: 532 daAuts
     D:7: 159 daAuts
     D:3: 124 daAuts
     D:2: 121 daAuts
     D:4: 93 daAuts
  Temple: 57 daAuts
     D:5: 56 daAuts
     D:1: 8 daAuts

Table legend:
 A = Non-vault XP
 B = Vault XP
 C = Vault XP percentage of total XP
 D = Non-vault monster count
 E = Vault monster count
 F = Vault count percentage of total count
                 A         B        C        D         E       F
            +---------+---------+-------+---------+---------+-------
      Total |    1115 |     198 |  15.1 |      32 |       3 |   8.6
            +---------+---------+-------+---------+---------+-------
        D:2 |       7 |       0 |   0.0 |       4 |       0 |   0.0
        D:3 |       4 |       0 |   0.0 |       2 |       0 |   0.0
        D:4 |     102 |       0 |   0.0 |       7 |       0 |   0.0
        D:5 |      84 |       0 |   0.0 |       3 |       0 |   0.0
        D:6 |     663 |     198 |  23.0 |       9 |       3 |  25.0
        D:7 |     255 |       0 |   0.0 |       7 |       0 |   0.0
            +---------+---------+-------+---------+---------+-------
